 Dungeon Crawl Stone Soup version 0.28-b1-1-g3c77fb2ed1 (webtiles) character file.

Game seed: 18246912794978549890

70 cayde69 the Chopper (level 4, -11/41 HPs)
             Began as a Hill Orc Monk on Jan 30, 2022.
             Was an Initiate of Gozag.
             Killed from afar by Ijyb (25 damage)
             ... with a bolt of acid
             ... on level 2 of the Dungeon.
             The game lasted 00:08:15 (1925 turns).

cayde69 the Chopper (Hill Orc Monk)                 Turns: 1925, Time: 00:08:15

Health: -11/41     AC: 11    Str: 15    XL:     4   Next: 21%
Magic:  4/4        EV:  4    Int: 10    God:    Gozag
Gold:   216        SH:  0    Dex: 13    Spells: 3/3 levels left

rFire   . . .      SeeInvis .   a - +0 hand axe
rCold   . . .      Faith    .   (no shield)
rNeg    . . .      Spirit   .   d - +0 plate armour
rPois   .          Reflect  .   p - +0 helmet
rElec   .          Harm     .   (no cloak)
rCorr   .          Rampage  .   (no gloves)
Will    .....                   (no boots)
Stlth   ..........              (no amulet)
HPRegen 0.13/turn               (no ring)
MPRegen 0.09/turn               (no ring)

@: no status effects
A: no striking features
a: Renounce Religion, Potion Petition, Call Merchant, Bribe Branch


You were on level 2 of the Dungeon.
You worshipped Gozag.
Gozag was aware of your devotion.
You visited 1 branch of the dungeon, and saw 2 of its levels.

You collected 216 gold pieces.

Inventory:

Hand Weapons
 a - a +0 hand axe (weapon)
 k - a +1 dagger of venom
 l - a +0 hunting sling
 n - a +0 spear
Missiles
 m - 42 stones (quivered)
Armour
 b - a +0 robe
 c - a +0 ring mail
 d - a +0 plate armour (worn)
 o - a +0 animal skin
 p - a +0 helmet (worn)
Magical Staves
 g - a staff of air
Jewellery
 h - a ring of see invisible
Scrolls
 e - 2 scrolls of vulnerability
 j - a scroll of immolation {unknown}
 q - a scroll of torment {unknown}
Potions
 i - a potion of mutation {unknown}


   Skills:
 + Level 4.4 Fighting
 + Level 5.2 Axes
 + Level 0.3 Staves
 + Level 1.6 Armour
 - Level 2.4 Dodging
 - Level 1.5 Stealth


You had 3 spell levels left.
You didn't know any spells.
Your spell library was empty.

Dungeon Overview and Level Annotations

Branches:
Dungeon (2/15)

Altars:
Gozag

Annotations:
D:2 Ijyb


Message History

Aim: Ijyb, wielding a +0 dagger, wearing a +1 scale mail of positive energy and carrying a wand of acid (3) (wandering, hasn't noticed you, 55% to hit)
You throw a stone. The stone completely misses Ijyb.
Ijyb shouts!
Throw: 43 stones
Press: ? - help, Q - select action, (/) - cycle Shift-Dir - straight line, f/p - Ijyb
Aim: Ijyb, wielding a +0 dagger, wearing a +1 scale mail of positive energy and carrying a wand of acid (3) (55% to hit)
You throw a stone. The stone hits Ijyb but does no damage.
You barely miss Ijyb. You punch Ijyb, but do no damage.
Ijyb hits you with a +0 dagger.
You are too injured to fight recklessly!
You are too injured to fight recklessly!
You are too injured to fight recklessly!
You are too injured to fight recklessly!
You slash Ijyb!
Ijyb is moderately wounded.
Ijyb hits you with a +0 dagger.
You hit Ijyb but do no damage.
Ijyb is moderately wounded.
Ijyb barely misses you.
You hit Ijyb but do no damage.
Ijyb is moderately wounded.
Ijyb hits you with a +0 dagger.
You hit Ijyb.
Ijyb is heavily wounded.
Ijyb hits you with a +0 dagger.
You closely miss Ijyb.
Ijyb is heavily wounded.
Ijyb hits you with a +0 dagger.
* * * LOW HITPOINT WARNING * * *
You hit Ijyb but do no damage.
Ijyb is heavily wounded.
Ijyb hits you with a +0 dagger.
* * * LOW HITPOINT WARNING * * *
It was a potion of curing.
You feel better. Ijyb hits you but does no damage.
You hit Ijyb.
Ijyb is heavily wounded.
Ijyb zaps a wand.
The bolt of acid hits you!!
Ouch! That really hurt!
You die...
Your body crumbles into a pile of gold.

###.# #..).# ###...# ####.#
.....#### #.# .....'..#
#####.##### .....##.#
#.........# ## .....##.#
#..$....#.# #. #######.#
#.......# ###########. #.#
#8....(8# .........##. #.#
#....@..# ########.##. #.#
#8...g.8########...### #.#
#.......#..........### #.#
#8.....8#............. #.#
#..(....#.####......##
#.####8.(...8#.####.##+#.##
#..>.#.......#.##...##[#...
##.#.#########.##.####.####
#.............##.#.##.####


You could see Ijyb.

Vanquished Creatures
  Robin (D:2)
  An endoplasm (D:1)
  3 giant cockroaches
  18 goblins
  6 hobgoblins
  5 jackals (D:1)
  A quokka (D:1)
  7 ball pythons (D:1)
  4 bats
  2 frilled lizards
  A rat (D:2)
49 creatures vanquished.

Vanquished Creatures (others)
  2 plants (D:1)
2 creatures vanquished.

Grand Total: 51 creatures vanquished

Notes
Turn   | Place    | Note
-------+----------+-------------------------------------------
     0 | D:1      | cayde69 the Hill Orc Monk began the quest for the Orb.
     0 | D:1      | Reached XP level 1. HP: 19/19 MP: 1/1
   265 | D:1      | Reached XP level 2. HP: 16/27 MP: 2/2
  1010 | D:1      | Reached XP level 3. HP: 33/33 MP: 3/3
  1036 | D:1      | Found a faded altar of an unknown god.
  1056 | D:1      | Reached skill level 1 in Armour
  1165 | D:1      | Prayed at the altar of an unknown god.
  1165 | D:1      | Became a worshipper of Gozag Ym Sagoz the Greedy
  1229 | D:2      | Noticed Robin
  1461 | D:2      | Killed Robin
  1462 | D:2      | Reached skill level 5 in Axes
  1646 | D:2      | Reached XP level 4. HP: 41/41 MP: 4/4
  1883 | D:2      | Noticed Ijyb
  1925 | D:2      | Killed from afar by Ijyb

Illustrated notes

Levels and vault maps discovered:
D:1:      dpeg_arrival_concentric_ovals, layout_loops_ring,
          shapermc_ecumenical_altar_mp_urbaneastern
D:2:      kennysheep_the_goblin_king, layout_basic, uniq_robin, uniq_sigmund

Skill      XL: |  1  2  3 |
---------------+----------+-----
Fighting       | 4 |  4.4
Armour         | 1 |  1.6
Axes           | 5 |  5.2
Staves         | |  0.3
Dodging        | |  2.4
Stealth        | |  1.5

Action                   |  1- 3 |  4- 6 || total
-------------------------+-------+-------++-------
Melee: Hand axe          |   102 |    23 ||   125
       Staff             |    21 |       ||    21
       Punch             |     5 |     1 ||     6
Throw: Stone             |       |     3 ||     3
  Use: Scroll            |     1 |       ||     1
       Potion            |       |     1 ||     1
 Stab: Distracted        |     2 |       ||     2
Armor: Plate armour      |   121 |    11 ||   132
       Ring mail         |     2 |       ||     2
Dodge: Dodged            |    33 |     3 ||    36
